 Dungeon Crawl Stone Soup version 0.29-a0-344-ge2f44be95a (webtiles) character file.

Game seed: 5926643086027710843

162 croobank the Covered (level 5, -2/42 HPs)
             Began as a Human Fighter on Apr 21, 2022.
             Killed from afar by a steam dragon (13 damage)
             ... with a ball of steam
             ... on level 3 of the Dungeon.
             The game lasted 00:07:49 (2282 turns).

croobank the Covered (Human Fighter)                Turns: 2282, Time: 00:07:58

Health: -2/42      AC:  8    Str: 20    XL:     5   Next: 71%
Magic:  5/5        EV:  9    Int:  8    God:
Gold:   90         SH:  5    Dex: 13    Spells: 4/4 levels left

rFire   . . .      SeeInvis .   a - +0 war axe
rCold   . . .      Faith    .   c - +0 buckler
rNeg    . . .      Spirit   .   b - +0 scale mail
rPois   .          Reflect  .   (no helmet)
rElec   .          Harm     .   (no cloak)
rCorr   .          Rampage  .   f - +0 pair of gloves "Luleli Faschi" {+Inv Fly Str+2}
Will    .....                   (no boots)
Stlth   ..........              o - amulet of regeneration
HPRegen 0.94/turn               (no ring)
MPRegen 0.09/turn               (no ring)

@: flying, studying Long Blades
A: no striking features
a: Evoke Invisibility


You were on level 3 of the Dungeon.
You visited 1 branch of the dungeon, and saw 3 of its levels.

You collected 90 gold pieces.

Inventory:

Hand Weapons
 a - a +0 war axe (weapon)
Missiles
 e - 42 stones (quivered)
 i - 2 boomerangs
Armour
 b - a +0 scale mail (worn)
 c - a +0 buckler (worn)
 f - the +0 pair of gloves "Luleli Faschi" (worn) {+Inv Fly Str+2}
   (You found it on level 3 of the Dungeon)

   Str:       It affects your strength (+2).
   +Inv:      It lets you turn invisible.
   Fly:       It grants you flight.
 h - a +0 plate armour
 l - a +0 chain mail
Jewellery
 o - an amulet of regeneration (around neck)
Scrolls
 q - a scroll of fear
Potions
 d - 2 potions of might
 g - a potion of attraction
 n - 2 potions of haste {unknown}
 p - a potion of heal wounds {unknown}
 s - a potion of lignification {unknown}


   Skills:
 + Level 3.9 Fighting
 + Level 3.2 Axes
 + Level 3.9 Armour
 + Level 3.9 Shields


You had 4 spell levels left.
You didn't know any spells.
Your spell library contained the following spells:

 Spells                   Type           Power      Damage    Failure   Level
 Shock                    Conj/Air       0%         1d3       85%         1
 Ensorcelled Hibernation  Hex/Ice        0%         N/A       94%         2
 Passwall                 Tmut/Erth      0%         N/A       94%         2
 Swiftness                Air            0%         N/A       99%         3
 Airstrike                Air            0%         N/A       100%        4


Dungeon Overview and Level Annotations

Branches:
Dungeon (3/15)

Altars:

Shops:
D:1 (*=(

Annotations:
D:3 1 runed translucent door, Crazy Yiuf


Message History

You closely miss the steam dragon.
The steam dragon is moderately wounded.
The steam dragon bites you! The steam dragon closely misses you.
You hit the steam dragon but do no damage.
The steam dragon is moderately wounded.
You hit the giant cockroach but do no damage.
The giant cockroach bites you but does no damage.
The steam dragon breathes steam at you. The ball of steam misses you.
The steam dragon misses you. The steam dragon barely misses you.
You hit the steam dragon.
The steam dragon is moderately wounded.
You are engulfed in a cloud of scalding steam.
The steam dragon bites you. The steam dragon closely misses you.
The giant cockroach is engulfed in a cloud of scalding steam.
The steam dragon bites you but does no damage.
The steam dragon barely misses you.
You hit the steam dragon.
The steam dragon is heavily wounded.
You closely miss the giant cockroach.
You are engulfed in a cloud of scalding steam.
The giant cockroach bites you but does no damage.
The steam dragon bites you but does no damage.
The steam dragon claws you but does no damage.
The giant cockroach bites you.
Okay, then.
You slash the steam dragon!
The steam dragon is severely wounded.
You hit the giant cockroach.
You kill the giant cockroach!
You block the steam dragon's attack.
The steam dragon claws you but does no damage.
You hit the steam dragon but do no damage.
The steam dragon is severely wounded.
The steam dragon bites you!
* * * LOW HITPOINT WARNING * * *
You block the steam dragon's attack. The steam dragon breathes steam at you.
The ball of steam hits you!
You die...

.... #. #......# ....##.##
#......# ###### #...D...#
#......# ##.....
#.......########.....# ##......
#.)..................#####......>
#..........#####.........#.......
###..###.#...###.....###.........
# #.......#D†....###........
##.......@.....####.......
#...........÷<...........
#......######..###.......
#......### ##..##.......
#.....#..## #...#.......
###..###..## ###.#.......
##....#....## ###.[.....
#....###....## ####...... #....##
##....###.........


You could see a steam dragon (catching breath).

Vanquished Creatures
  Pargi (D:3)
  2 adders
  A dart slug (D:1)
  6 ball pythons
  5 bats
  4 endoplasms
  6 giant cockroaches
  2 goblins
  4 hobgoblins (D:1)
  A kobold (D:1)
  5 quokkas
  3 frilled lizards
  5 rats
45 creatures vanquished.

Vanquished Creatures (others)
  2 plants (D:1)
2 creatures vanquished.

Grand Total: 47 creatures vanquished

Notes
Turn   | Place    | Note
-------+----------+-------------------------------------------
     0 | D:1      | croobank the Human Fighter began the quest for the Orb.
     0 | D:1      | Reached XP level 1. HP: 18/18 MP: 1/1
   125 | D:1      | Found Ilaz's Assorted Antiques.
   303 | D:1      | Reached XP level 2. HP: 21/24 MP: 2/2
   560 | D:1      | Reached XP level 3. HP: 29/29 MP: 3/3
   562 | D:1      | Found Emogicuitut's Weapon Boutique.
   633 | D:1      | Found Jeokeschi's Jewellery Boutique.
   778 | D:1      | Found a faded altar of an unknown god.
   951 | D:1      | Found Buacunk's Antique Weapon Emporium.
  1484 | D:2      | Reached XP level 4. HP: 35/35 MP: 4/4
  2040 | D:3      | Noticed Pargi
  2056 | D:3      | Killed Pargi
  2057 | D:3      | Reached XP level 5. HP: 37/42 MP: 5/5
  2071 | D:3      | Identified the +0 pair of gloves "Luleli Faschi" {+Inv Fly
                  | Str+2}
  2114 | D:3      | Found a runed translucent door.
  2136 | D:3      | Noticed Crazy Yiuf
  2200 | D:3      | Noticed a steam dragon
  2282 | D:3      | Killed from afar by a steam dragon

Illustrated notes

Levels and vault maps discovered:
D:1:      tarquinn_simple_flora_water_b, layout_loops_ring, serial_shops, shop,
          nicolae_shop_bloodbath_and_beyond, nicolae_shop_behind_doors,
          shop_fountains, serial_bayou, serial_bayou_shore_a,
          serial_bayou_crossing, serial_bayou_pond_c, serial_bayou_pond_e,
          shapermc_ecumenical_altar_totnotflames, minmay_heptomino_h4
D:2:      minmay_recursive_quarters, layout_loops_ring
D:3:      layout_rooms, nicolae_figureground_sparkle, uniq_jessica, uniq_pargi,
          uniq_crazy_yiuf_cottage

Skill      XL: |  1  2  3  4 |
---------------+-------------+-----
Axes           | 3 |  3.2
Fighting       | |  3.9
Armour         | |  3.9
Shields        | |  3.9

Action                   |  1- 3 |  4- 6 || total
-------------------------+-------+-------++-------
Melee: War axe           |    85 |    54 ||   139
  Use: Scroll            |       |     9 ||     9
       Potion            |       |     1 ||     1
Armor: Scale mail        |    49 |    41 ||    90
Dodge: Dodged            |    40 |    37 ||    77
Block: Buckler           |    33 |    25 ||    58

Table legend: (Time is in decaauts)
 A = Elapsed time spent in this place.
 B = Non-inter-level travel time spent in this place.
 C = Inter-level travel time spent in this place.
 D = Time resting spent in this place.
 E = Time spent auto-exploring this place.
 F = Levels seen in this place.
 G = Mean time per level.
                   A        B        C        D        E       F      G
               +--------+--------+--------+--------+--------+-----+--------+
         Total |   2361 |   2226 |    135 |    172 |   1612 |   3 |  787.0 |
       Dungeon |   2361 |   2226 |    135 |    172 |   1612 |   3 |  787.0 |
               +--------+--------+--------+--------+--------+-----+--------+

Top non-repeatable levels by time:
     D:1: 1167 daAuts
     D:2: 971 daAuts
     D:3: 222 daAuts
